[Event "Open Nuevo Centro. Jornada 1"]
[Site "Chess.com"]
[Date "2020.06.19"]
[Round "4"]
[White "Rodriguez, Mathias"]
[Black "Clement G�mez, Jos� Antonio"]
[Result "0-1"]
[WhiteElo "2012"]
[BlackElo "2491"]
[TimeControl "180+2"]
[EndTime "11:12:33 PDT"]
[Termination "Victoria de P4AD por abandono"]

1. e4 c5 2. Nf3 e6 3. d4 cxd4 4. Nxd4 Nc6 5. Nb3 Nf6 6. Bd3 d5 7. exd5 Nxd5 8. O-O Be7 9. Nc3 Nxc3 10. bxc3 O-O 11. c4 e5 12. Bb2 f5 13. f3 a5 14. a4 Be6 15. Re1 Qc7 16. Qe2 Bf6 17.
Nc5 Bc8 18. Rad1 b6 19. Nb3 Be6 20. c5 Rae8 21. Kh1 e4 22. fxe4 Bxb2 23. exf5 Bf7 24.
Qf3 Nb4 0

[Event "Open Nuevo Centro. Jornada 1"]
[Site "Chess.com"]
[Date "2020.06.19"]
[Round "4"]
[White "Furio Martinez, Francisco"]
[Black "Camison Zornoza, Cesar"]
[Result "0-1"]
[WhiteElo "928"]
[BlackElo "1406"]
[TimeControl "180+2"]
[EndTime "11:12:37 PDT"]
[Termination "Victoria de cczchess2019 por abandono"]

1. d4 Nf6 2. e3 c5 3. Nf3 cxd4 4. exd4 d6 5. Be2 g6 6. O-O Bg7 7. Nbd2 O-O 8. b3 a5 9. Bb2 Nc6 10. d5 Nb4 11. Bxf6 Bxf6 12. Rb1 Nxa2 13. Rb2 Nb4 14.
Rb1 Bf5 15. Rc1 Rc8 16. c3 Bxc3 17. Nc4 Bg7 18. Nb6 Rxc1 19. Qxc1 Qxb6 20. Qg5 Bf6 21.
Qh6 Rc8 22. Qe3 Qxe3 23. fxe3 Rc2 24. Bd1 Rc3 25. Nd4 Bxd4 26. exd4 Bc2 27. Bxc2 Rxc2 28.
h3 Nxd5 29. b4 axb4 30. Rb1 Rd2 31. Ra1 b3 32. Rb1 b2 33. Kf1 Nc3 34. Ke1 Nxb1 0

[Event "Open Nuevo Centro. Jornada 1"]
[Site "Chess.com"]
[Date "2020.06.19"]
[Round "4"]
[White "Selva Viu, Antonio"]
[Black "Limaymanta Solis, Luis Anderson"]
[Result "1-0"]
[WhiteElo "897"]
[BlackElo "1036"]
[TimeControl "180+2"]
[EndTime "11:12:52 PDT"]
[Termination "Victoria de tonigamer777 por jaque mate"]

1. e4 e6 2. Bc4 g6 3. Nf3 Nf6 4. d3 Bb4+ 5. c3 Be7 6. Ne5 O-O 7. O-O c5 8. Bh6 Re8 9. Nd2 Qc7 10. d4 cxd4 11. cxd4 Nc6 12. Nxc6 Qxc6 13. Rc1 Nxe4 14. Nxe4 Qxe4 15. Re1 Qh4 16. Qd2 f5 17. g3 Qh5 18.
Be2 Qh3 19. Bf1 Qg4 20. f3 Qxf3 21. Bg2 Qg4 22. Qe3 Rb8 23. Qe5 Ra8 24. Qg7# 1

[Event "Open Nuevo Centro. Jornada 1"]
[Site "Chess.com"]
[Date "2020.06.19"]
[Round "4"]
[White "Rabbani Perez, Oumaima "]
[Black "Garrido Barona, An�bal"]
[Result "1-0"]
[WhiteElo "728"]
[BlackElo "548"]
[TimeControl "180+2"]
[EndTime "11:13:01 PDT"]
[Termination "Victoria de OumaimaMaria por tiempo"]

1. e3 d5 2. d3 Nc6 3. Bd2 Nh6 4. Be2 Be6 5. Nh3 g5 6. Nxg5 f6 7. Nxe6 Qd6 8. Ng7+ Kf7 9. Nh5 d4 10. exd4 Nxd4 11.
Bf3 Ndf5 12. Bf4 e5 13. Bxh6 Bxh6 14. Bxb7 Rab8 15. Be4 Nh4 16. Ng3 Qd4 17. Ne2 Qxb2 18. Nd2 Nxg2+ 19. Kf1 1

[Event "Open Nuevo Centro. Jornada 1"]
[Site "Chess.com"]
[Date "2020.06.19"]
[Round "4"]
[White "Crevillen Abad, Clemente"]
[Black "Gerona Maura, Jesus"]
[Result "0-1"]
[WhiteElo "1773"]
[BlackElo "1533"]
[TimeControl "180+2"]
[EndTime "11:13:05 PDT"]
[Termination "Victoria de Retistente por abandono"]

1. e4 e5 2. Nf3 Nc6 3. Bb5 a6 4.
Bxc6 dxc6 5. d4 exd4 6. Qxd4 Qxd4 7. Nxd4 Ne7 8. Be3 Bd7 9. Nc3 O-O-O 10. O-O-O Ng6 11.
f3 Bb4 12. Nce2 Rhe8 13. c3 Bc5 14. Nf4 f5 15. Nxg6 hxg6 16. Bg5 Be7 17. Bxe7 Rxe7 18. exf5 gxf5 19. Rde1 Rde8 20. Kd2 g6 21. Rxe7 Rxe7 22. Re1 Rh7 23. h3 c5 24. Nc2 Bc6 25. Ke3 Rd7 26.
Re2 Bb5 27. Rf2 g5 28. f4 Rd3+ 29. Ke2 Rxc3+ 30. Kd2 Rd3+ 31. Kc1 gxf4 32. Rxf4 Bd7 33. Ne1 Re3 34. Rf2 Rxe1+ 35. Kd2 Re5 0

[Event "Open Nuevo Centro. Jornada 1"]
[Site "Chess.com"]
[Date "2020.06.19"]
[Round "4"]
[White "G�mez Alonso, �scar"]
[Black "Yatseta Fernandez, Marc Kazymyr"]
[Result "1-0"]
[WhiteElo "1763"]
[BlackElo "1401"]
[TimeControl "180+2"]
[EndTime "11:13:05 PDT"]
[Termination "Victoria de osgo78 por abandono"]

1. d4 Nf6 2. c4 e5 3. dxe5 Ne4 4. Nf3 Nc6 5. a3 d6 6. Nbd2 Bf5 7. Nxe4 Bxe4 8. Bg5 Be7 9. Bxe7 Qxe7 10. exd6 cxd6 11. Nd2 Bg6 12. e3 O-O 13. Be2 Rfe8 14. O-O Rac8 15. Nf3 Bh5 16. Qd2 d5 17. cxd5 Rcd8 18. Rfe1 Rd7 19.
Nd4 Rxd5 20. Nxc6 Rxd2 21. Nxe7+ Rxe7 22. Bxh5 Rxb2 23. Bf3 Rd7 24. Red1 Rxd1+ 25. Rxd1 h6 26. h3 b6 27. Ra1 g6 28. a4 a5 29. Bc6 Kg7 30. Rd1 g5 31. Bb5 Kg6 32. Rd6+ f6 33. Rxb6 h5 34. Be8+ 1

[Event "Open Nuevo Centro. Jornada 1"]
[Site "Chess.com"]
[Date "2020.06.19"]
[Round "4"]
[White "Aymerich Rosell, Pablo"]
[Black "Bendayan Claros, Aaron"]
[Result "1-0"]
[WhiteElo "2011"]
[BlackElo "1645"]
[TimeControl "180+2"]
[EndTime "11:13:12 PDT"]
[Termination "Victoria de jasikevic por abandono"]

1. e4 c6 2. Nc3 d5 3. Nf3 dxe4 4. Nxe4 Nf6 5. Qe2 Nxe4 6. Qxe4 Qd5 7. Qh4 Nd7 8. Bc4 Qa5 9. O-O Nf6 10. Re1 Bf5 11. Re5 Qc7 12. Rxf5 e6 13. Re5 Be7 14. Re1 O-O-O 15.
d3 h6 16. Qf4 Bd6 17. Qe3 Ng4 18. Qxa7 Bxh2+ 19. Kh1 Bd6 20. Re2 h5 21. Bd2 b5 22.
Qxc7+ Bxc7 23. Bb3 h4 24. a4 bxa4 25. Rxa4 Kb7 26.
Rxg4 1

[Event "Open Nuevo Centro. Jornada 1"]
[Site "Chess.com"]
[Date "2020.06.19"]
[Round "4"]
[White "Cebolla Ruiz, David"]
[Black "R�os Valle, Daniel "]
[Result "1-0"]
[WhiteElo "1745"]
[BlackElo "1188"]
[TimeControl "180+2"]
[EndTime "11:13:21 PDT"]
[Termination "Victoria de Dabelcebolla por abandono"]

1. e4 c5 2. Nf3 Nc6 3. d4 cxd4 4. Nxd4 Nf6 5. Nc3 d6 6. Bc4 e6 7. Be3 Bd7 8. f3 a6 9. Qd2 Be7 10. O-O-O Rc8 11. Bb3 O-O 12. h4 b5 13. h5 b4 14.
Na4 Qc7 15. Nxc6 Bxc6 16. Qxb4 d5 17. Bc5 Bxc5 18. Qxc5 dxe4 19. fxe4 Bxe4 20. Qxc7 Rxc7 21. Nc3 Bxg2 22. Rhg1 Bf3 23. Rdf1 Bxh5 24. Rxf6 Rc5 25. Rf2 Rd8 26. Rd2 Rxd2 27. Kxd2 Rf5 28. Ne4 Rd5+ 29.
Bxd5 1

[Event "Open Nuevo Centro. Jornada 1"]
[Site "Chess.com"]
[Date "2020.06.19"]
[Round "4"]
[White "Perrot, Fabien "]
[Black "Beneyto de Ramon, Guillermo"]
[Result "0-1"]
[WhiteElo "978"]
[BlackElo "1489"]
[TimeControl "180+2"]
[EndTime "11:13:24 PDT"]
[Termination "Victoria de GUILLETE por abandono"]

1. d4 d5 2. Nf3 e6 3. c4 c6 4.
Bf4 dxc4 5. e3 b5 6. a4 Bb4+ 7. Nc3 Nf6 8. Be2 Nd5 9. Bg3 Nxc3 10. bxc3 Bxc3+ 11. Nd2 Bxa1 12. Qxa1 Nd7 13. axb5 cxb5 14. O-O O-O 15. Rb1 Qb6 16. Ne4 Qc6 17. Bd6 Re8 18. Ba3 Qxe4 19. Bf3 Qg6 20. Bxa8 a6 21. Bc6 Rd8 22. Be7 Re8 23. Bh4 e5 24. Bxd7 Bxd7 25. Qxa6 Qxa6 0

[Event "Open Nuevo Centro. Jornada 1"]
[Site "Chess.com"]
[Date "2020.06.19"]
[Round "4"]
[White "Blanco Solaz, Ram�n"]
[Black "Campos Gambuti, Luis Mar�a"]
[Result "0-1"]
[WhiteElo "1981"]
[BlackElo "2326"]
[TimeControl "180+2"]
[EndTime "11:13:32 PDT"]
[Termination "Victoria de Tangalangafacv por abandono"]

1. Nf3 d5 2. d4 Nf6 3. c4 dxc4 4. e3 e6 5. Bxc4 a6 6. O-O b5 7. Bb3 Bb7 8. Qe2 Nbd7 9. Rd1 c5 10. dxc5 Bxc5 11.
Nc3 O-O 12. Ne5 Qc7 13. Nxd7 Nxd7 14. e4 Nf6 15. Bg5 Qe5 16. Bxf6 gxf6 17. Rd3 Kh8 18. Rad1 Rg8 19. Rh3 Bc6 20. a3 Rg5 21. Kf1 Rag8 22.
g3 Rg4 23. Rd8 Rg7 24. f4 Qxf4+ 25. Ke1 0

[Event "Open Nuevo Centro. Jornada 1"]
[Site "Chess.com"]
[Date "2020.06.19"]
[Round "4"]
[White "Cin� Asensio, Luca "]
[Black "Gutierrez Lacambra, Jose Antonio"]
[Result "0-1"]
[WhiteElo "397"]
[BlackElo "1235"]
[TimeControl "180+2"]
[EndTime "11:13:52 PDT"]
[Termination "Victoria de sygm2012 por jaque mate"]

1. e4 c5 2. Bc4 e6 3. d3 d5 4. exd5 exd5 5. Bb3 Nc6 6. Bd2 Nf6 7. Nf3 Bd6 8. O-O O-O 9. Nc3 Bg4 10. Nxd5 Nxd5 11. Bxd5 Bxh2+ 12. Kxh2 Qxd5 13. c4 Qxd3 14. Qc1 Bxf3 15.
gxf3 Qxf3 16. Rg1 Kh8 17. Bh6 Qxf2+ 18. Rg2 Qh4+ 19. Kg1 Qxh6 20. Qxh6 gxh6 21. Kf2 Rg8 22. Rag1 Nd4 23. Ke3 Rxg2 24. Rxg2 Rg8 25. Rh2 Rg6 26. Rh4 Kg7 27. a3 Re6+ 28. Kf4 f5 29. Kg3 Re4 30. Kf2 Re2+ 31. Kg3 Re4 32. Rxe4 fxe4 33. Kf4 Kf6 34.
Kxe4 Kg5 35. Ke3 Kg4 36. Kf2 h5 37. Kg2 h4 38. Kh2 h6 39. Kg2 h5 40. Kh2 Nf3+ 41.
Kg2 h3+ 42. Kh1 Kg3 43. b4 cxb4 44. axb4 b6 45. b5 Nd2 46. c5 bxc5 47. b6 axb6 48.
Kg1 c4 49. Kh1 c3 50. Kg1 b5 51. Kh1 b4 52. Kg1 b3 53. Kh1 c2 54. Kg1 b2 55. Kh1 h4 56. Kg1 c1=Q# 0

[Event "Open Nuevo Centro. Jornada 1"]
[Site "Chess.com"]
[Date "2020.06.19"]
[Round "4"]
[White "Gil Lopez, Alejandro"]
[Black "Garcia, Jhoel"]
[Result "0-1"]
[WhiteElo "2037"]
[BlackElo "2327"]
[TimeControl "180+2"]
[EndTime "11:13:54 PDT"]
[Termination "Victoria de shoels por jaque mate"]

1. e4 c5 2. Nf3 Nc6 3. Bc4 e6 4. O-O Nf6 5. Nc3 Nxe4 6. Nxe4 d5 7. Bxd5 exd5 8. Ng3 Be7 9. d4 O-O 10. h3 Bd6 11. Ne2 c4 12. Nf4 Bc7 13. Re1 Bf5 14. Ne5 Nb4 15. Re2 Qd6 16. a3 Nc6 17. b3 Rfe8 18. bxc4 Nxd4 19. Qxd4 Rxe5 20. Rxe5 Qxe5 21.
Qxd5 Qxa1 22. Ne2 Qe5 23. Qf3 Qe4 24. Qh5 g6 25. Qh6 Qxe2 26. g4 Qe1+ 27. Kg2 Be4+ 28. f3 Qe2+ 29. Kg1 Bxf3 30. Bb2 Qg2# 0

[Event "Open Nuevo Centro. Jornada 1"]
[Site "Chess.com"]
[Date "2020.06.19"]
[Round "4"]
[White "Aguado, Pablo Luis"]
[Black "Grigorev, Artur "]
[Result "1-0"]
[WhiteElo "1246"]
[BlackElo "860"]
[TimeControl "180+2"]
[EndTime "11:13:54 PDT"]
[Termination "Victoria de PLAD_2006 por jaque mate"]

1. d4 d5 2. c4 dxc4 3. e3 Qd5 4. Nc3 Qc6 5. Nf3 Bg4 6. Be2 e6 7. O-O Nd7 8. e4 Bd6 9. e5 Bb4 10. h3 Bxf3 11. Bxf3 Qb6 12. Bf4 Bxc3 13. bxc3 Ne7 14.
Rb1 Qa5 15. Qc2 O-O-O 16. Bxb7+ Kb8 17. Qb2 Qb6 18. Qc2 Qa5 19. Ba6+ Ka8 20. Bxc4 Nb6 21.
Bd3 Ned5 22. Be4 c6 23. Bh2 f5 24. exf6 gxf6 25. c4 Nb4 26. Rxb4 Qxb4 27. Bxc6# 1

[Event "Open Nuevo Centro. Jornada 1"]
[Site "Chess.com"]
[Date "2020.06.19"]
[Round "4"]
[White "Casado Andreu, David"]
[Black "Borissov, Juli�n"]
[Result "0-1"]
[WhiteElo "1568"]
[BlackElo "1844"]
[TimeControl "180+2"]
[EndTime "11:14:14 PDT"]
[Termination "Victoria de julianborisov por abandono"]

1. e4 e5 2. Nf3 Nc6 3. Bc4 Nf6 4. d3 Be7 5. c3 O-O 6. Bb3 b5 7. Bd5 Bb7 8. Qb3 Na5 9. Qxb5 c6 10. Bxf7+ Rxf7 11. Qa4 d6 12. b4 Nc4 13. dxc4 Nxe4 14. O-O Rxf3 15. gxf3 Ng5 16. Qd1 c5 17. Bxg5 Bxg5 18. Nd2 Bf4 19. Ne4 Bxe4 20. fxe4 Kh8 21. Qf3 Qh4 22.
Qg2 Rf8 23. f3 Rf6 24. Rf2 Rg6 25. Qxg6 hxg6 26. Raf1 Be3 27. bxc5 Bxc5 28. a4 g5 29. Kg2 Bxf2 30. Rxf2 g4 31. f4 Qh3+ 32. Kg1 Qxc3 33. f5 Qxc4 34. Rg2 Qxe4 0

[Event "Open Nuevo Centro. Jornada 1"]
[Site "Chess.com"]
[Date "2020.06.19"]
[Round "4"]
[White "Salvador Buiza, Victor"]
[Black "Montesinos Diaz, Luis"]
[Result "0-1"]
[WhiteElo "1515"]
[BlackElo "1878"]
[TimeControl "180+2"]
[EndTime "11:14:30 PDT"]
[Termination "Victoria de Gwiso_06 por jaque mate"]

1. e4 c6 2. d4 d5 3. e5 c5 4. dxc5 e6 5. Be3 Nd7 6. Bb5 a6 7.
Ba4 Ne7 8. Ne2 Nc6 9. Nd4 Ndxe5 10. Bf4 Bd7 11. O-O Bxc5 12. Bxc6 Nxc6 13. Nxc6 Bxc6 14.
Qg4 Qf6 15. Nc3 Qg6 16. Qe2 O-O 17. a4 Rac8 18. Bg3 Rfe8 19. Kh1 h5 20. h4 e5 21. Rfe1 e4 22. Rad1 Rcd8 23. Kh2 f5 24. Bf4 d4 25. Qc4+ Kh7 26. Qxc5 dxc3 27. bxc3 Rxd1 28.
Rxd1 Qg4 29. g3 Qxd1 30. Qxf5+ Kh8 31. Qxh5+ Kg8 32. Bg5 e3 33. Bxe3 Qh1# 0

[Event "Open Nuevo Centro. Jornada 1"]
[Site "Chess.com"]
[Date "2020.06.19"]
[Round "4"]
[White "Roca Cruz, Rafael"]
[Black "Chernikov, Vladimir"]
[Result "0-1"]
[WhiteElo "1666"]
[BlackElo "2245"]
[TimeControl "180+2"]
[EndTime "11:14:38 PDT"]
[Termination "Victoria de isla88 por abandono"]

1. d4 Nf6 2. c4 e5 3. dxe5 Ng4 4. e3 Nxe5 5. Nh3 g6 6. Be2 Bg7 7. Nc3 O-O 8. O-O d6 9. Nf4 Nbc6 10. Qd2 Be6 11. b3 Qh4 12. g3 Qe7 13. Bb2 Rac8 14. Ncd5 Bxd5 15. Nxd5 Qe6 16. f4 Nd7 17. Bxg7 Kxg7 18.
g4 f5 19. g5 Ne7 20. Bf3 c6 21. Nxe7 Qxe7 22. Rab1 Nc5 23. Rbd1 Rcd8 24. Qd4+ Kg8 25.
b4 Ne6 26. Qxa7 Ra8 27. Qb6 Ra6 0

[Event "Open Nuevo Centro. Jornada 1"]
[Site "Chess.com"]
[Date "2020.06.19"]
[Round "4"]
[White "Amor�s P�rez, Manuel David"]
[Black "Deusa Ballesteros, Lucas "]
[Result "1-0"]
[WhiteElo "1648"]
[BlackElo "1451"]
[TimeControl "180+2"]
[EndTime "11:14:39 PDT"]
[Termination "Victoria de mpad1984 por tiempo"]

1. e4 e6 2. Nf3 d5 3. exd5 exd5 4.
d4 Bd6 5. c4 dxc4 6. Bxc4 Ne7 7.
O-O O-O 8. Nc3 c6 9. Bg5 Kh8 10. Re1 f6 11. Bh4 Nf5 12. Qd3 Nxh4 13. Nxh4 Qc7 14.
Nf3 Bg4 15. Nh4 Bxh2+ 16. Kf1 Bd6 17. f3 Bd7 18. d5 cxd5 19. Nxd5 Qd8 20. Nf5 Bxf5 21.
Qxf5 Nc6 22. Rad1 Qc8 23. Qxc8 Raxc8 24. b3 Bb8 25. Ne7 Nxe7 26. Rxe7 b6 27. Rdd7 Rcd8 28. Rxg7 Rxd7 29. Rxd7 a6 30. Bxa6 h6 31. g4 Be5 32.
Bc4 Ra8 33. a4 Rf8 34. Kf2 Rb8 35. Ke3 Rf8 36. Ke4 Rb8 37. f4 Bb2 38. Kf5 Bc3 39.
Kg6 Bb2 40. Kxh6 1

[Event "Open Nuevo Centro. Jornada 1"]
[Site "Chess.com"]
[Date "2020.06.19"]
[Round "4"]
[White "Garcia Oviedo, Alejandro"]
[Black "Gukasov, Artem"]
[Result "1-0"]
[WhiteElo "1882"]
[BlackElo "1560"]
[TimeControl "180+2"]
[EndTime "11:14:45 PDT"]
[Termination "Victoria de alexgarov por tiempo"]

1. g3 e6 2. Bg2 d5 3. d4 Nf6 4. Bg5 Be7 5. Nd2 O-O 6. Ngf3 c5 7. O-O Qb6 8. dxc5 Qxc5 9. c3 Nc6 10. Nb3 Qb6 11. Bf4 Bd7 12. Qd3 Na5 13. Nxa5 Qxa5 14. Ne5 Qb6 15. Qc2 Bd6 16. Rad1 Rfd8 17. Rfe1 Bb5 18.
a4 Ba6 19. b4 Bxe5 20. Bxe5 Nd7 21. Bd4 Qc7 22. b5 e5 23. Be3 d4 24. Bg5 f6 25.
Bd2 dxc3 26. Bxc3 Rac8 27. Qb3+ Kh8 28. Rc1 Nc5 29. Qa2 Bxb5 30. axb5 Nd7 31. h3 Nb6 32. Kh2 h5 33. Bd2 1

[Event "Open Nuevo Centro. Jornada 1"]
[Site "Chess.com"]
[Date "2020.06.19"]
[Round "4"]
[White "Gutierrez Marco, Dario"]
[Black "Bosch Jord�, Ricard"]
[Result "1-0"]
[WhiteElo "1935"]
[BlackElo "1564"]
[TimeControl "180+2"]
[EndTime "11:14:47 PDT"]
[Termination "Victoria de rususs por jaque mate"]

1. e4 c6 2. d4 d5 3. e5 Bf5 4. h4 h5 5. Bd3 Bxd3 6. Qxd3 e6 7. Bg5 Be7 8. Nf3 Bxg5 9. Nxg5 Ne7 10.
Nd2 Nf5 11. Ndf3 Qb6 12. O-O Qa6 13. Qxa6 Nxa6 14. c3 O-O 15. g3 Nc7 16. a4 a5 17.
Nh3 b5 18. Nf4 Rfb8 19. Rfb1 Na6 20. axb5 Rxb5 21. Nxh5 c5 22. Nf4 cxd4 23. cxd4 Nb4 24. Rc1 Rb6 25. Ra4 Nc6 26. Rc2 Raa6 27. Nd3 Nb4 28.
Rc8+ Kh7 29. Nc5 Ra7 30. Ng5+ Kg6 31. Nf3 Nc2 32. g4 Nh6 33. h5+ Kh7 34. Ng5# 1

[Event "Open Nuevo Centro. Jornada 1"]
[Site "Chess.com"]
[Date "2020.06.19"]
[Round "4"]
[White "Zakharash, Georgii"]
[Black "Fitzpatrick Dimas  , Andrew "]
[Result "1/2-1/2"]
[WhiteElo "976"]
[BlackElo "1238"]
[TimeControl "180+2"]
[EndTime "11:14:48 PDT"]
[Termination "Partida en tablas por mutuo acuerdo"]

1. e4 e5 2. Nf3 Nc6 3. Bb5 Qf6 4. O-O Bd6 5. Re1 a6 6. Ba4 b5 7. Bb3 Nge7 8. c3 O-O 9. d4 Na5 10. Bc2 Nc4 11. d5 Bc5 12. Nbd2 Nxd2 13. Bxd2 Qb6 14.
Be3 Bxe3 15. Rxe3 d6 16. Re1 Bg4 17. h3 Bxf3 18. Qxf3 b4 19. c4 c5 20. b3 Ng6 21.
Qe3 Rae8 22. Bd1 Re7 23. Rf1 Nf4 24. Kh2 a5 25. g3 Ng6 26. h4 Ra7 27. Bg4 Re8 28.
a3 bxa3 29. Rxa3 f6 30. Be6+ Kh8 31. Rfa1 Rf8 32. Qe2 Rfa8 33. Qd2 Nf8 34. Bh3 Ng6 35. Bf5 1/2-1

[Event "Open Nuevo Centro. Jornada 1"]
[Site "Chess.com"]
[Date "2020.06.19"]
[Round "4"]
[White "Valverde Alcaide, Miguel Alejandro"]
[Black "Fern�ndez Martin, Carlos"]
[Result "0-1"]
[WhiteElo "918"]
[BlackElo "1272"]
[TimeControl "180+2"]
[EndTime "11:14:56 PDT"]
[Termination "Victoria de Pistachomortal por jaque mate"]

1. e4 c5 2. Nc3 d6 3. d3 Nf6 4. Nf3 e6 5. h4 Be7 6. g3 Nc6 7. Na4 Qa5+ 8. Bd2 Qxa4 9. b3 Qa6 10. d4 Qb6 11. a4 cxd4 12. a5 Qc7 13. Qe2 Bd7 14. a6 b6 15. e5 dxe5 16. Nxe5 Nxe5 17.
Bf4 Qc3+ 18. Bd2 Qxa1+ 19. Qd1 Qxd1+ 20. Kxd1 Nf3 21. c3 dxc3 22. Bxc3 Ne4 23. Bg2 Nxc3+ 24. Kc2 Rc8 25. Bxf3 Ne4+ 26. Kb2 Nxf2 27. Rc1 Nd3+ 28.
Kb1 Nxc1 29. Kb2 Nd3+ 30. Ka1 Rc1+ 31. Ka2 Bf6 32. Be4 Ra1# 0

[Event "Open Nuevo Centro. Jornada 1"]
[Site "Chess.com"]
[Date "2020.06.19"]
[Round "4"]
[White "Rodriguez Rodriguez, Joan David "]
[Black "Lloret Ramis, Juan Jos�"]
[Result "0-1"]
[WhiteElo "1627"]
[BlackElo "1977"]
[TimeControl "180+2"]
[EndTime "11:15:03 PDT"]
[Termination "Victoria de Amiplim por abandono"]

1. d4 d5 2. c4 e6 3. Nc3 Nf6 4.
cxd5 exd5 5. Bg5 Nbd7 6. e3 c6 7. Bd3 Be7 8. Nf3 Nh5 9. Bxe7 Qxe7 10. O-O O-O 11. h4 g6 12. Re1 Ndf6 13. e4 dxe4 14. Bxe4 Qd6 15. Qd2 Ng7 16. Qg5 Bf5 17. Bxf5 Nxf5 18.
Rad1 Rfe8 19. Rxe8+ Rxe8 20. Qd2 h5 21. g3 Ne4 22. Nxe4 Rxe4 23. Kg2 Qd5 24. Re1 Rxe1 25. Qxe1 Nxd4 26. Qe8+ Kh7 27. Qe3 Nxf3 28. Qxf3 Qxf3+ 29. Kxf3 Kg7 30. Ke4 Kf6 31. a4 Ke6 32. b4 b6 33. b5 c5 34. f3 f5+ 35. Kf4 Kf6 36. Ke3 Ke5 37. f4+ Kd5 38. Kd3 c4+ 39. Kc3 Kc5 40. Kc2 Kb4 41. Kb2 Kxa4 42. Kc3 Kxb5 43. Kd4 Kb4 44. Ke5 c3 45. Kf6 c2 46. Kxg6 c1=Q 47.
Kxh5 Qd1+ 48. Kg5 Qg4+ 0

[Event "Open Nuevo Centro. Jornada 1"]
[Site "Chess.com"]
[Date "2020.06.19"]
[Round "4"]
[White "Donate Moreno, Silvia"]
[Black "Gimenez Sanchis, Jose Antonio"]
[Result "1-0"]
[WhiteElo "1780"]
[BlackElo "1436"]
[TimeControl "180+2"]
[EndTime "11:15:41 PDT"]
[Termination "Victoria de 2camarones por tiempo"]

1. e4 c6 2. d4 d5 3. exd5 cxd5 4. Bd3 Nf6 5. c3 Nc6 6. Bf4 e6 7. Nf3 Bd6 8. Ne5 O-O 9. Bg3 Qc7 10. f4 a6 11. O-O Nd7 12. Nd2 f5 13. Ndf3 Be7 14.
Qe1 Nf6 15. Bh4 Qd8 16. Nxc6 bxc6 17. Ne5 Bb7 18. b4 Ne4 19. Bxe7 Qxe7 20. Be2 Qd6 21.
Nd3 Rf6 22. Bf3 Rg6 23. Bxe4 dxe4 24. Nc5 Bc8 25. Qe2 Rg4 26. g3 h5 27. Rf2 h4 28.
Rg2 hxg3 29. hxg3 Ra7 30. Kf2 Kf7 31. Rh1 Qe7 32. Nxe4 Bd7 33. Nc5 Qd6 34. Nd3 Qd5 35. Ne5+ Ke7 36. Nxg4 fxg4 37. Rh7 Kf6 38. Kg1 Be8 39.
Qe5+ Qxe5 40. fxe5+ Kg6 41. Rh8 Bf7 42. Rc8 Kg5 43.
Rxc6 1

[Event "Open Nuevo Centro. Jornada 1"]
[Site "Chess.com"]
[Date "2020.06.19"]
[Round "4"]
[White "Juan Alos, Sergio"]
[Black "Hern�ndez Tom�s, Efr�n"]
[Result "1-0"]
[WhiteElo "1267"]
[BlackElo "893"]
[TimeControl "180+2"]
[EndTime "11:15:54 PDT"]
[Termination "Victoria de SergioJuanAlos por jaque mate"]

1. d4 e6 2. Nf3 d5 3. e3 Nc6 4. c3 Nf6 5. Bd3 Bd7 6. Nbd2 Be7 7. O-O O-O 8. Qe2 h6 9. e4 dxe4 10.
Nxe4 Nxe4 11. Bxe4 a6 12. Bf4 f5 13. Bd3 b6 14. Ne5 Nxe5 15. Bxe5 Bf6 16. Bxf6 Qxf6 17. f4 Bc6 18. Qe5 Qg6 19. g3 Rac8 20. Bxa6 Ra8 21. Bc4 Rfe8 22. Qxc7 Bg2 23. Kxg2 Rac8 24. Bxe6+ Qxe6 25. Qe5 Qxe5 26. fxe5 g6 27. a4 Ra8 28. Ra3 Reb8 29.
Rfa1 b5 30. axb5 Rxa3 31. Rxa3 Rxb5 32. b3 Kf7 33. c4 Rb6 34. d5 Ke7 35. h4 g5 36.
hxg5 hxg5 37. Kf3 Rh6 38. Ra7+ Ke8 39. e6 Kd8 40. e7+ Ke8 41. g4 Rh3+ 42. Kg2 Rxb3 43. gxf5 g4 44. Rc7 Rb2+ 45. Kg3 Re2 46. Kxg4 Rxe7 47.
Rxe7+ Kxe7 48. c5 Kd7 49. f6 Ke8 50. c6 Kd8 51. d6 Ke8 52. Kg5 Kd8 53. f7 Kc8 54.
f8=Q# 1

[Event "Open Nuevo Centro. Jornada 1"]
[Site "Chess.com"]
[Date "2020.06.19"]
[Round "4"]
[White "M�ndez Gim�nez , N�stor Emmanuel"]
[Black "M�s Ripoll, Vicente"]
[Result "0-1"]
[WhiteElo "1131"]
[BlackElo "1161"]
[TimeControl "180+2"]
[EndTime "11:16:00 PDT"]
[Termination "Victoria de menut por jaque mate"]

1. e4 c5 2. Nf3 e6 3. d4 cxd4 4. Qd3 h6 5. b3 Nc6 6. Nxd4 Qf6 7. Bb2 Nb4 8. Qc3 Bc5 9. g3 Bxd4 10. Qxb4 Bxb2 11.
Bg2 Bxa1 12. c3 Ne7 13. O-O Nc6 14. Qa3 Bxc3 15. Nxc3 Qxc3 16. Rc1 Qb4 17. Qb2 O-O 18. e5 Qd4 19. Qa3 Qxe5 20. Bxc6 bxc6 21. Qb4 Qg5 22. Re1 Ba6 23. Qa3 Bb5 24. Qb4 a5 25. Qc3 d5 26.
a4 Ba6 27. Qxc6 Rfc8 28. Qb6 Rc1 29. Rxc1 Qxc1+ 30. Kg2 Rc8 31. Qxa6 Rc2 32. Qa8+ Kh7 33. Qa7 Kg6 34. h4 Qd2 35. h5+ Kf6 36. Kg1 Rb2 37.
b4 axb4 38. a5 Ra2 39. a6 Rxa6 40. Qxa6 Qe1+ 41. Kg2 Qe4+ 42. f3 Qc2+ 43. Kh3 b3 44. g4 b2 45. g5+ Kf5 46. Qa4 Qxa4 47. Kg3 b1=Q 48. f4 Ke4 49. Kg4 Qg1+ 50. Kh3 Qb3+ 51.
Kh4 Qbg3# 0

[Event "Open Nuevo Centro. Jornada 1"]
[Site "Chess.com"]
[Date "2020.06.19"]
[Round "4"]
[White "Granero Roca, Antonio"]
[Black "Kovacevic, Slobodan"]
[Result "1-0"]
[WhiteElo "2525"]
[BlackElo "2063"]
[TimeControl "180+2"]
[EndTime "11:16:11 PDT"]
[Termination "Victoria de Somtor por abandono"]

1. Nf3 c5 2. g3 b6 3. Bg2 Bb7 4. O-O Nf6 5. d3 e6 6. c4 Qc7 7.
b3 Be7 8. Bb2 d6 9. Nc3 a6 10.
Rc1 O-O 11. Re1 Nbd7 12. e4 Bc6 13. h3 b5 14. Qd2 b4 15. Ne2 a5 16. g4 h6 17. Ng3 a4 18. e5 dxe5 19. Nxe5 Bxg2 20. Nxd7 Qxd7 21. Kxg2 axb3 22. axb3 Ra2 23. Rc2 Rd8 24. Re3 Qb7+ 25. Kg1 Nh7 26. Ne4 Nf8 27. Qe2 Ng6 28.
Qf3 Qd7 29. Rce2 Qc7 30. Qg3 Nf4 31. Rd2 Rd7 32. Rf3 Ng6 33. Qxc7 Rxc7 34. Re3 Nf4 35. Be5 Rxd2 36. Nxd2 Nxh3+ 37. Rxh3 Ra7 38. d4 f6 39. Bh2 cxd4 40. Rd3 e5 41. f4 Bd6 42. Ne4 Bc7 43. fxe5 fxe5 44. Kg2 Ra2+ 45. Kh3 Rb2 46. Rf3 Re2 47.
Ng3 e4 48. Nxe2 exf3 49. Nxd4 f2 50. Kg2 Bxh2 51. Kxf2 Bd6 52. Kf3 Kf7 53. Ke4 Kg6 54.
Nf5 Kf7 55. Nxd6+ 1